 Dungeon Crawl Stone Soup version 0.32-a0-705-g60f233581c (webtiles) character file.

Game seed: 11013387344774601593

39 BeKind the Chiller (level 3, 0/21 HPs)
             Began as an Octopode Ice Elementalist on Mar 14, 2024.
             Incinerated by a bombardier beetle (5 damage)
             ... with a burning spray
             ... on level 3 of the Dungeon.
             The game lasted 00:02:51 (1163 turns).

BeKind the Chiller (Octopode Ice Elementalist)      Turns: 1163, Time: 00:02:51

Health: 0/21       AC:  1    Str:  7    XL:     3   Next: 45%
Magic:  0/6        EV: 12    Int: 25    God:
Gold:   39         SH:  0    Dex: 12    Spells: 0/6 levels left

rFire   . . .        f - +0 sling
rCold   . . .        (no shield)
rNeg    . . .        (helmet restricted)
rPois   .            (no amulet)
rElec   .            g - +6 ring of intelligence
rCorr   .            (no ring)
SInv    .            (no ring)
Will    .....        (no ring)
Stlth   ++           (no ring)
HPRegen 0.23/turn    (no ring)
MPRegen 0.10/turn    (no ring)
                     (no ring)

%: no passive effects
@: on fire, glowing
A: almost no armour, amphibious, 8 rings, camouflage 1, gelatinous body 1,
(nimble swimmer 1), tentacles
a: no special abilities


You were on level 3 of the Dungeon.
You visited 1 branch of the dungeon, and saw 5 of its levels.

You collected 39 gold pieces.

Inventory:

Hand Weapons
 b - a +0 short sword
 f - a +0 sling (weapon)
Jewellery
 g - a +6 ring of intelligence (left tentacle)
Scrolls
 d - a scroll of amnesia {unknown}
 h - a scroll of enchant armour {unknown}
 i - a scroll of identify {unknown}
Potions
 a - 2 potions of magic
 c - a potion of mutation {unknown}
 e - a potion of haste {unknown}
 j - a potion of curing {unknown}


   Skills:
 + Level 2.6 Dodging
 - Level 3.0 Stealth
 + Level 2.4 Spellcasting
 * Level 0.5 Summonings
 + Level 4.3 Ice Magic


You couldn't memorise any spells.
You knew the following spells:

 Your Spells              Type           Power      Damage    Failure   Level
a - Freeze                Ice            96%        1d10      1%          1
b - Summon Ice Beast      Ice/Summ       15%        N/A       12%         3
c - Call Imp              Summ           10%        N/A       13%         2

Your spell library contained the following spells:

 Spells                   Type           Power      Damage    Failure   Level
 Frozen Ramparts          Ice            48%        1d8       5%          3
 Ozocubu's Armour         Ice            24%        N/A       5%          3
 Hailstorm                Conj/Ice       13%        3d6       13%         3
 Sublimation of Blood     Necr           3%         N/A       16%         2
 Permafrost Eruption      Ice/Erth       6%         2x4d3     100%        6
 Sculpt Simulacrum        Ice/Alch       6%         N/A       100%        6
 Summon Hydra             Summ           2%         N/A       100%        7


Dungeon Overview and Level Annotations

Branches:
Dungeon (5/15)
 Temple: D:4-7

Altars:


Innate Abilities, Weirdness & Mutations

You cannot wear most types of armour.
You are amphibious.
You can wear up to eight rings at the same time.
Your skin changes colour to match your surroundings (Stealth+).
Your rubbery body absorbs attacks. (AC +1, EV +1)
((You are camouflaged when in or above water. (Stealth+)))
You have tentacles for arms and can constrict up to eight enemies at once.


Message History

You kill the endoplasm!
No target in view!
HP restored.
Magic restored.
Found 4 stones.
A bombardier beetle comes into view.
Casting: Freeze (safe; 1% risk of failure)
Confirm with . or Enter, or press ? or * to list all spells.
You miscast Call Imp.
You are very lightly contaminated with residual magic.
Nothing appears to happen.
Casting: Call Imp (safe; 13% risk of failure)
Confirm with . or Enter, or press ? or * to list all spells.
A tiny devil pulls itself out of the air.
Casting: Call Imp (safe; 13% risk of failure)
Confirm with . or Enter, or press ? or * to list all spells.
You don't have enough magic to cast this spell.
Your magical contamination has completely faded away.
Casting: Call Imp (safe; 13% risk of failure)
Confirm with . or Enter, or press ? or * to list all spells.
A chill wind blows around you.
You shoot a sling bullet.
The sling bullet hits the bombardier beetle.
The bombardier beetle is lightly wounded.
The bombardier beetle sprays incendiary fluid at you.
The burning spray hits you.
You are covered in liquid fire!
You swap places.
You shake off some of the fire as you move.
The liquid fire burns you! The liquid fire burns you!
The liquid fire burns you!
The bombardier beetle bites your ice beast but does no damage.
The liquid fire burns you!
* * * LOW HITPOINT WARNING * * *
Your cerulean imp barely misses the bombardier beetle.
Your ice beast hits the bombardier beetle.
Your ice beast freezes the bombardier beetle.
The liquid fire burns you!
You die...

. . ##.#. .....
#.#B# #.#Y#
#.#5# # #
#.#.#.# #
####.#.#.#.#.#..
.....(..@.......
......#.......+.
.......>.#####..
.....##### ....
###


You could see a bombardier beetle (ally target), a friendly ice beast (summoned)
and a friendly cerulean imp (summoned).

Vanquished Creatures
  An adder (D:4)
  2 orcs (D:4)
  3 ball pythons (D:1)
  2 bats
  2 endoplasms
  A giant cockroach (D:2)
  3 goblins (D:1)
  2 jackals (D:1)
  A frilled lizard (D:1)
  3 kobolds (D:1)
  3 rats (D:1)
23 creatures vanquished.

Vanquished Creatures (collateral kills)
  A ribbon worm (D:4)
1 creature vanquished.

Grand Total: 24 creatures vanquished

Notes
Turn   | Place    | Note
-------+----------+-------------------------------------------
     0 | D:1      | BeKind the Octopode Ice Elementalist began the quest for
                  | the Orb.
     0 | D:1      | Reached XP level 1. HP: 11/11 MP: 3/3
   281 | D:1      | Reached XP level 2. HP: 15/17 MP: 1/5
   373 | D:1      | Found a faded altar of an unknown god.
   720 | D:2      | You fall into a shaft and drop 2 floors!
   935 | D:5      | Entered Level 5 of the Dungeon
   940 | D:4      | Reached XP level 3. HP: 21/21 MP: 3/6
   944 | D:4      | Learned a level 3 spell: Summon Ice Beast
   947 | D:4      | Learned a level 2 spell: Call Imp
  1163 | D:3      | Incinerated by a bombardier beetle

Illustrated notes

Levels and vault maps discovered:
D:1:      dpeg_arrival_shrine, layout_basic,
          shapermc_ecumenical_altar_starsandcircs
D:2:      layout_rooms, kennysheep_path_1, chequers_serial_rivers_large_a,
          chequers_serial_rivers_room_a
D:3:      kennysheep_six_static_rooms, layout_basic, serial_shops,
          nicolae_shop_bloodbath_and_beyond, minmay_misc_feat_rows,
          kennysheep_generic_room_6
D:4:      layout_basic, minmay_rat_hole
D:5:      layout_basic, minmay_temple_entry_proselytizer,
          corexii_leaking_fountain, wad_rectangle_vault

Skill      XL: |  1 |
---------------+----+-----
Stealth        | 3 |  3.0
Dodging        | |  2.6
Spellcasting   | |  2.4
Summonings     | |  0.5
Ice Magic      | |  4.3

Action                     || total
---------------------------++-------
  Melee: Unarmed           ||     4
         Constrict         ||     8
         Short sword       ||    17
         Tentacles         ||     4
   Fire: Sling             ||    12
   Cast: Freeze            ||    13
         Call Imp          ||     3
         Summon Ice Beast  ||     2
   Stab: Sleeping          ||     2
 Armour: Skin              ||    10
  Dodge: Dodged            ||    17

Table legend: (Time is in decaauts)
 A = Elapsed time spent in this place.
 B = Non-inter-level travel time spent in this place.
 C = Inter-level travel time spent in this place.
 D = Time resting spent in this place.
 E = Time spent auto-exploring this place.
 F = Levels seen in this place.
 G = Mean time per level.
                   A        B        C        D        E       F      G
               +--------+--------+--------+--------+--------+-----+--------+
         Total |   1165 |   1076 |     89 |      0 |    848 |   5 |  233.0 |
       Dungeon |   1165 |   1076 |     89 |      0 |    848 |   5 |  233.0 |
               +--------+--------+--------+--------+--------+-----+--------+

Top non-repeatable levels by time:
     D:1: 622 daAuts
     D:4: 385 daAuts
     D:2: 96 daAuts
     D:3: 60 daAuts
     D:5: 1 daAuts
